 Dungeon Crawl Stone Soup version 0.32-a0-825-g0e82a1035d (webtiles) character file.

Game seed: 16236713048965313046

119 Ijustatesigmund the Conjurer (level 5, -5/34 HPs)
             Began as an Octopode Conjurer on Mar 25, 2024.
             Slain by Pikel
             ... wielding a +2 whip of freezing
              (9 damage)
             ... on level 3 of the Dungeon.
             The game lasted 00:03:56 (3578 turns).

Ijustatesigmund the Conjurer (Octopode Conjurer)    Turns: 3578, Time: 00:03:57

Health: -5/34      AC:  1    Str:  7    XL:     5   Next: 3%
Magic:  9/9        EV: 12    Int: 22    God:
Gold:   114        SH:  0    Dex: 10    Spells: 3/10 levels left

rFire   . . .        m - +0 flail
rCold   . . .        (no shield)
rNeg    . . .        (helmet restricted)
rPois   .            (no amulet)
rElec   .            (no ring)
rCorr   .            (no ring)
SInv    .            (no ring)
Will    .....        (no ring)
Stlth   +++          (no ring)
HPRegen 0.25/turn    (no ring)
MPRegen 0.11/turn    (no ring)
                     (no ring)

%: no passive effects
@: no status effects
A: almost no armour, amphibious, 8 rings, camouflage 1, gelatinous body 1,
(nimble swimmer 1), tentacles
a: no special abilities


You were on level 3 of the Dungeon.
You visited 1 branch of the dungeon, and saw 4 of its levels.

You collected 114 gold pieces.

Inventory:

Hand Weapons
 m - a +0 flail (weapon)
Armour
 q - a +1 buckler
Jewellery
 g - a ring of see invisible
Scrolls
 b - a scroll of fog {unknown}
 d - a scroll of enchant weapon {unknown}
 i - a scroll of brand weapon {unknown}
 j - a scroll of blinking {unknown}
 k - a scroll of amnesia {unknown}
 r - a scroll of identify {unknown}
Potions
 a - a potion of magic
 c - a potion of lignification {unknown}
 e - a potion of might {unknown}
 f - a potion of berserk rage {unknown}
 h - 2 potions of heal wounds {unknown}
 l - 3 potions of curing {unknown}
 n - a potion of resistance {unknown}
 o - 2 potions of degeneration {unknown}
 p - 2 potions of invisibility {unknown}


   Skills:
 - Level 2.2 Fighting
 - Level 2.0 Dodging
 - Level 2.6 Stealth
 + Level 0.5 Shields
 + Level 3.1 Spellcasting
 - Level 4.8 Conjurations
 + Level 0.0 Translocations


You had 3 spell levels left.
You knew the following spells:

 Your Spells              Type           Power      Damage    Failure   Level
a - Magic Dart            Conj           96%        1d7       1%          1
b - Searing Ray           Conj           48%        2d6       2%          2
c - Iskenderun's Mystic   Conj/Tloc      14%        2d5       41%         4

Your spell library contained the following spells:

 Spells                   Type           Power      Damage    Failure   Level
 Fulminant Prism          Conj/Alch      6%         3d7       41%         4


Dungeon Overview and Level Annotations

Branches:
Dungeon (4/15)
 Temple: D:4-7

Altars:
Vehumet

Annotations:
D:3 Pikel


Innate Abilities, Weirdness & Mutations

You cannot wear most types of armour.
You are amphibious.
You can wear up to eight rings at the same time.
Your skin changes colour to match your surroundings (Stealth+).
Your rubbery body absorbs attacks. (AC +1, EV +1)
((You are camouflaged when in or above water. (Stealth+)))
You have tentacles for arms and can constrict up to eight enemies at once.


Message History

You hit the giant cockroach.
The giant cockroach is almost dead.
You constrict the giant cockroach.
You kill the giant cockroach!
No target in view!
No target in view!
No target in view!
No target in view!
No target in view!
No target in view!
No target in view!
No target in view!
No target in view!
No target in view!
No target in view!
No target in view!
Found a plate armour.
Found a stone staircase leading down.
Found a stone staircase leading up.
b - a scroll labelled SAEMUW CUAG A lemure comes into view.
Pikel, Merchant of Souls comes into view.
He is wielding a +2 whip of freezing and carrying a wand of mindburst.
Found 13 gold pieces.
A lemure comes into view.
Pikel shouts!
The lemure shouts!
You hear a shout! x2 2 lemures come into view.
The lemure shouts! x3; You hear a shout!
There is a stone staircase leading up here.
Pikel hits you with a +2 whip of freezing!
Pikel freezes you.
You climb upwards.
There is a stone staircase leading down here.
You closely miss Pikel. You grab Pikel. You constrict Pikel, but do no damage.
Pikel zaps a wand.
Your mind is blasted!
Ouch! That really hurt!
* * * LOW HITPOINT WARNING * * *
You hit Pikel but do no damage. You constrict Pikel. Pikel closely misses you.
Pikel hits you with a +2 whip of freezing!
You die...
Pikel says, "See you in Hell!"

#############
##.....#..<..##
##....K@)......##
#.÷.............#
#...............# #######
#...............#
#.....####...............#
.......##................#
P.PPPPPPP.#.............##
P.P.P.....##...........##
P.P.P.P÷P########.######


You could see Pikel.

Vanquished Creatures
  Terence (D:2)
  An adder (D:3)
  A ribbon worm (D:3)
  2 dart slugs (D:2)
  5 orcs (D:4)
  8 ball pythons
  3 bats
  10 endoplasms
  A giant cockroach (D:4)
  9 hobgoblins
  6 jackals (D:1)
  7 kobolds
  A quokka (D:1)
  4 frilled lizards
  3 goblins
  A rat (D:3)
63 creatures vanquished.

Notes
Turn   | Place    | Note
-------+----------+-------------------------------------------
     0 | D:1      | Ijustatesigmund the Octopode Conjurer began the quest for
                  | the Orb.
     0 | D:1      | Reached XP level 1. HP: 11/11 MP: 3/3
   264 | D:1      | Reached XP level 2. HP: 18/18 MP: 0/5
   267 | D:1      | Learned a level 2 spell: Searing Ray
   465 | D:1      | Reached skill level 1 in Fighting
  1033 | D:1      | Reached XP level 3. HP: 23/23 MP: 3/6
  1810 | D:2      | Noticed Terence
  1816 | D:2      | Killed Terence
  1817 | D:2      | Reached XP level 4. HP: 29/29 MP: 0/8
  3397 | D:3      | You fall into a shaft and drop 1 floor!
  3425 | D:4      | Reached XP level 5. HP: 30/34 MP: 7/9
  3430 | D:4      | Learned a level 4 spell: Iskenderun's Mystic Blast
  3529 | D:4      | Found a radiant altar of Vehumet.
  3570 | D:4      | Noticed a lemure
  3571 | D:4      | Noticed Pikel
  3572 | D:4      | Noticed a lemure
  3573 | D:4      | Noticed a lemure
  3573 | D:4      | Noticed a lemure
  3578 | D:3      | Slain by Pikel

Illustrated notes

Levels and vault maps discovered:
D:1:      dpeg_arrival_central, layout_basic
D:2:      layout_loops_ring, dk_noncrumbling_4, chequers_serial_rivers_room_b,
          minmay_pentomino_z2, uniq_terence
D:3:      layout_rooms, mainiacjoe_overflow_alcove_4, minmay_hedge_maze,
          grunt_ministairs_11
D:4:      layout_layer_cave, nicolae_overflow_crystal_walls,
          mainiacjoe_overflow_surrounded_room, jmf_multi_god_temple2,
          nicolae_zig_zag_zippers, uniq_duvessa, uniq_pikel, uniq_blork_the_orc,
          uniq_crazy_yiuf_cottage

Skill      XL: |  1  2  3  4 |
---------------+-------------+-----
Fighting       | 1 2 |  2.2
Spellcasting   | 3 |  3.1
Dodging        | |  2.0
Stealth        | |  2.6
Shields        | |  0.5
Conjurations   | |  4.8

Action                     |  1- 3 |  4- 6 || total
---------------------------+-------+-------++-------
  Melee: Unarmed           |    11 |       ||    11
         Constrict         |     7 |    14 ||    21
         Tentacles         |     2 |     5 ||     7
         Mace              |    10 |       ||    10
         Flail             |       |    31 ||    31
   Cast: Magic Dart        |    60 |    30 ||    90
         Searing Ray       |     1 |       ||     1
    Use: Scroll            |       |     2 ||     2
   Stab: Sleeping          |     1 |     8 ||     9
 Armour: Skin              |     9 |    12 ||    21
  Dodge: Dodged            |    23 |    10 ||    33

Table legend: (Time is in decaauts)
 A = Elapsed time spent in this place.
 B = Non-inter-level travel time spent in this place.
 C = Inter-level travel time spent in this place.
 D = Time resting spent in this place.
 E = Time spent auto-exploring this place.
 F = Levels seen in this place.
 G = Mean time per level.
                   A        B        C        D        E       F      G
               +--------+--------+--------+--------+--------+-----+--------+
         Total |   3592 |   3497 |     95 |    461 |   2682 |   4 |  898.0 |
       Dungeon |   3592 |   3497 |     95 |    461 |   2682 |   4 |  898.0 |
               +--------+--------+--------+--------+--------+-----+--------+

Top non-repeatable levels by time:
     D:1: 1557 daAuts
     D:2: 1019 daAuts
     D:3: 832 daAuts
     D:4: 183 daAuts
